[ AOE2 MATCH · #474505105 ]
UnrankedBengalis vs Maya
[ REPLAY ANALYSIS · EXTRACTED FROM THE RECORDED GAME ]
Feudal
12:50
Castle
16:31
Imperial
31:23
| APM avg | 44.3 |
| APM peak | 77 |
| eAPM avg | 24.4 |
| Villagers / military | 272 / 78 |
Focus
⚔️ 26.4% · 🌾 73.6%
Battle Elephant ×48 · Elephant Archer ×22 · Fishing Ship ×21 · Trade Cart ×6 · Scout Cavalry ×5 · Mangonel ×3
Feudal
11:50
Castle
15:40
Imperial
27:09
| APM avg | 50.8 |
| APM peak | 96 |
| eAPM avg | 32.2 |
| Villagers / military | 122 / 250 |
Focus
⚔️ 40.1% · 🌾 59.9%
Eagle Scout ×169 · Spearman ×73 · Trebuchet (Packed) ×5 · Plumed Archer ×3 · Unknown (882) ×3
Feudal
23:28
Castle
31:24
Imperial
—
| APM avg | 38.3 |
| APM peak | 130 |
| eAPM avg | 20.3 |
| Villagers / military | 130 / 2 |
Focus
⚔️ 23.5% · 🌾 76.5%
Fishing Ship ×3 · Monk ×1 · Spearman ×1
Feudal
11:39
Castle
33:42
Imperial
—
| APM avg | 25.8 |
| APM peak | 65 |
| eAPM avg | 15.6 |
| Villagers / military | 130 / 11 |
Focus
⚔️ 18.2% · 🌾 81.8%
Archer ×8 · Trade Cart ×4 · Spearman ×3
Feudal
11:49
Castle
15:33
Imperial
29:45
| APM avg | 34.3 |
| APM peak | 91 |
| eAPM avg | 18.4 |
| Villagers / military | 145 / 142 |
Focus
⚔️ 44.1% · 🌾 55.9%
Spearman ×56 · Archer ×43 · Skirmisher ×22 · Trade Cart ×14 · Trebuchet (Packed) ×9 · Bombard Cannon ×5
Feudal
10:17
Castle
21:38
Imperial
30:52
| APM avg | 29.7 |
| APM peak | 109 |
| eAPM avg | 14.1 |
| Villagers / military | 152 / 72 |
Focus
⚔️ 28.4% · 🌾 71.6%
Cavalry Archer ×66 · Militia ×5 · Tarkan ×1
Feudal
14:22
Castle
25:28
Imperial
30:11
| APM avg | 35.0 |
| APM peak | 100 |
| eAPM avg | 19.4 |
| Villagers / military | 80 / 36 |
Focus
⚔️ 27.6% · 🌾 72.4%
Hand Cannoneer ×32 · Fishing Ship ×15 · Trebuchet (Packed) ×2 · Skirmisher ×1 · Fire Galley ×1
Feudal
12:16
Castle
15:54
Imperial
34:27
| APM avg | 34.7 |
| APM peak | 69 |
| eAPM avg | 18.7 |
| Villagers / military | 130 / 34 |
Focus
⚔️ 22.7% · 🌾 77.3%
Unknown (882) ×90 · Knight ×15 · Bombard Cannon ×10 · Spearman ×5 · Monk ×2 · Mangonel ×1
Match map
Initial resources + every placement click. Lines = walls · curves = elevation contours. ◆ gold · ⬟ stone · ● berries · ✦ relic · ◌ wall gap
Your base· Open — opponent sealed themselves in
lion_'s base· ✓ Closed at 15:40 · 37t walls · 1 gate(s)
MysticCloudZ's base· ✓ Closed at 31:24 · 51t walls · no gate
babelfisch's base· ✓ Closed at 33:42 · 44t walls · no gate
MasterProber's base· Open — opponent sealed themselves in
Inebriation's base· ✓ Closed at 21:38 · 42t walls · 1 gate(s)
TRex's base· Open — opponent sealed themselves in
SpeeDiK's base· ✓ Closed at 15:54 · 0t walls · no gate
Smoothed initial terrain · ◌ = detected wall gap · hover for details
Inputs per minute
— bolimoli - - lion_
Build order — bolimoli
First 150 of 577 actions detected
| 0:01 | Create | Villager (Male) |
| 0:01 | Create | Villager (Male) |
| 0:02 | Create | Villager (Male) |
| 0:03 | Build | House |
| 0:03 | Build | House |
| 0:05 | Create | Villager (Male) |
| 1:18 | Create | Villager (Male) |
| 2:07 | Create | Villager (Male) |
| 2:14 | Create | Villager (Male) |
| 2:21 | Build | Lumber Camp |
| 2:48 | Create | Villager (Male) |
| 3:05 | Create | Villager (Male) |
| 3:45 | Create | Villager (Male) |
| 3:58 | Create | Villager (Male) |
| 4:14 | Build | House |
| 4:46 | Create | Villager (Male) |
| 4:52 | Create | Villager (Male) |
| 5:21 | Create | Villager (Male) |
| 5:25 | Build | Dock |
| 5:31 | Build | House |
| 5:54 | Create | Villager (Male) |
| 6:07 | Build | House |
| 6:12 | Create | Villager (Male) |
| 6:38 | Build | House |
| 6:44 | Build | House |
| 6:52 | Create | Villager (Male) |
| 6:55 | Create | Villager (Male) |
| 7:01 | Build | Mill |
| 7:06 | Create | Fishing Ship |
| 7:06 | Create | Villager (Male) |
| 7:12 | Create | Villager (Male) |
| 7:22 | Create | Fishing Ship |
| 7:30 | Create | Villager (Male) |
| 7:33 | Create | Villager (Male) |
| 8:10 | Create | Villager (Male) |
| 8:13 | Create | Villager (Male) |
| 8:22 | Create | Fishing Ship |
| 8:24 | Create | Villager (Male) |
| 8:54 | Research | Loom |
| 8:59 | Create | Villager (Male) |
| 9:22 | Create | Villager (Male) |
| 9:27 | Create | Villager (Male) |
| 9:42 | Create | Villager (Male) |
| 10:09 | Create | Villager (Male) |
| 10:20 | Build | Palisade Wall |
| 10:29 | Build | Palisade Wall |
| 10:34 | Create | Villager (Male) |
| 10:38 | Research | Feudal Age |
| 10:49 | Build | Palisade Wall |
| 11:03 | Build | Barracks |
| 11:10 | Create | Villager (Male) |
| 11:21 | Build | Palisade Wall |
| 11:27 | Build | Palisade Wall |
| 11:47 | Create | Villager (Male) |
| 11:58 | Create | Villager (Male) |
| 12:00 | Build | Mining Camp |
| 12:37 | Build | House |
| 12:43 | Build | Palisade Wall |
| 12:44 | Build | Palisade Wall |
| 12:50 | Age | Feudal Age |
| 12:51 | Build | Palisade Wall |
| 12:51 | Create | Villager (Male) |
| 12:54 | Build | Stable |
| 12:55 | Create | Villager (Male) |
| 12:55 | Create | Villager (Male) |
| 12:58 | Create | Villager (Male) |
| 13:01 | Build | Market |
| 13:28 | Research | Double-Bit Axe |
| 13:51 | Research | Castle Age |
| 13:52 | Create | Villager (Male) |
| 13:58 | Create | Scout Cavalry |
| 14:28 | Create | Villager (Male) |
| 14:35 | Create | Scout Cavalry |
| 14:35 | Create | Scout Cavalry |
| 14:38 | Create | Villager (Male) |
| 14:41 | Create | Villager (Male) |
| 14:51 | Build | House |
| 14:51 | Create | Villager (Male) |
| 14:53 | Build | House |
| 14:54 | Create | Villager (Male) |
| 14:58 | Research | Tech 906 |
| 14:59 | Create | Villager (Male) |
| 15:03 | Build | Fish Trap |
| 15:06 | Build | Fish Trap |
| 15:38 | Create | Villager (Male) |
| 16:29 | Create | Villager (Male) |
| 16:31 | Age | Castle Age |
| 16:33 | Create | Scout Cavalry |
| 16:33 | Create | Scout Cavalry |
| 16:35 | Create | Villager (Male) |
| 16:40 | Build | Town Center |
| 16:43 | Create | Villager (Male) |
| 16:44 | Research | Bow Saw |
| 16:55 | Create | Villager (Male) |
| 17:05 | Create | Villager (Male) |
| 17:19 | Create | Villager (Male) |
| 17:25 | Create | Villager (Male) |
| 17:28 | Build | House |
| 17:29 | Build | House |
| 17:30 | Build | House |
| 17:46 | Create | Villager (Male) |
| 17:46 | Create | Villager (Male) |
| 17:48 | Create | Villager (Male) |
| 17:51 | Build | Town Center |
| 17:52 | Create | Villager (Male) |
| 17:57 | Build | Lumber Camp |
| 18:02 | Create | Villager (Male) |
| 18:09 | Create | Villager (Male) |
| 18:48 | Create | Villager (Male) |
| 18:55 | Create | Villager (Male) |
| 18:55 | Create | Villager (Male) |
| 18:56 | Create | Villager (Male) |
| 19:02 | Create | Villager (Male) |
| 19:17 | Create | Villager (Male) |
| 19:37 | Create | Villager (Male) |
| 19:43 | Create | Villager (Male) |
| 19:47 | Create | Villager (Male) |
| 19:49 | Create | Villager (Male) |
| 19:53 | Create | Fishing Ship |
| 19:53 | Create | Fishing Ship |
| 19:53 | Create | Fishing Ship |
| 19:54 | Create | Villager (Male) |
| 19:54 | Create | Villager (Male) |
| 19:56 | Create | Villager (Male) |
| 20:00 | Build | Dock |
| 20:00 | Create | Villager (Male) |
| 20:02 | Build | Fish Trap |
| 20:03 | Create | Fishing Ship |
| 20:03 | Create | Fishing Ship |
| 20:03 | Create | Fishing Ship |
| 20:25 | Create | Villager (Male) |
| 20:26 | Create | Fishing Ship |
| 20:27 | Create | Fishing Ship |
| 20:27 | Create | Villager (Male) |
| 20:29 | Build | Farm |
| 20:29 | Build | Farm |
| 20:29 | Build | Farm |
| 20:30 | Build | Farm |
| 20:30 | Build | Farm |
| 20:30 | Build | Farm |
| 20:31 | Build | Farm |
| 20:31 | Build | Farm |
| 20:32 | Research | Horse Collar |
| 20:33 | Create | Villager (Male) |
| 20:35 | Create | Villager (Male) |
| 20:38 | Build | Fish Trap |
| 20:48 | Research | Gillnets |
| 20:49 | Create | Villager (Male) |
| 20:49 | Create | Villager (Male) |
| 20:53 | Build | Farm |
Build order — lion_
First 150 of 542 actions detected
| 0:04 | Research | Loom |
| 0:05 | Build | House |
| 0:06 | Build | House |
| 0:12 | Create | Villager (Male) |
| 0:12 | Create | Villager (Male) |
| 0:15 | Create | Villager (Male) |
| 1:16 | Create | Villager (Male) |
| 1:22 | Build | Palisade Wall |
| 2:10 | Create | Villager (Male) |
| 2:10 | Create | Villager (Male) |
| 2:10 | Create | Villager (Male) |
| 2:51 | Create | Villager (Male) |
| 3:03 | Create | Villager (Male) |
| 3:23 | Create | Villager (Male) |
| 3:23 | Create | Villager (Male) |
| 3:24 | Build | Lumber Camp |
| 3:49 | Create | Villager (Male) |
| 3:49 | Create | Villager (Male) |
| 3:50 | Create | Villager (Male) |
| 3:59 | Build | House |
| 4:23 | Create | Villager (Male) |
| 4:23 | Create | Villager (Male) |
| 5:00 | Create | Villager (Male) |
| 5:32 | Build | House |
| 5:50 | Create | Villager (Male) |
| 6:30 | Build | Mill |
| 6:35 | Build | Palisade Wall |
| 6:38 | Create | Villager (Male) |
| 6:39 | Create | Villager (Male) |
| 6:39 | Create | Villager (Male) |
| 6:39 | Create | Villager (Male) |
| 6:39 | Create | Villager (Male) |
| 6:40 | Create | Villager (Male) |
| 7:21 | Build | House |
| 7:32 | Create | Villager (Male) |
| 7:40 | Build | Palisade Wall |
| 7:41 | Build | Palisade Wall |
| 7:42 | Build | Palisade Wall |
| 7:45 | Build | Palisade Wall |
| 7:53 | Create | Villager (Male) |
| 8:14 | Build | Palisade Wall |
| 8:28 | Build | Palisade Wall |
| 8:35 | Build | Palisade Wall |
| 9:15 | Create | Villager (Male) |
| 9:31 | Build | Palisade Wall |
| 9:38 | Research | Feudal Age |
| 9:43 | Build | Mining Camp |
| 11:04 | Build | House |
| 11:13 | Build | Palisade Wall |
| 11:29 | Build | Palisade Wall |
| 11:35 | Create | Villager (Male) |
| 11:50 | Age | Feudal Age |
| 11:56 | Build | Market |
| 11:59 | Build | Blacksmith |
| 12:07 | Build | Stone Wall |
| 12:13 | Build | Gate |
| 12:20 | Create | Villager (Male) |
| 12:43 | Research | Double-Bit Axe |
| 12:43 | Research | Double-Bit Axe |
| 12:43 | Research | Double-Bit Axe |
| 12:46 | Build | Stone Wall |
| 12:47 | Build | Stone Wall |
| 12:48 | Build | Stone Wall |
| 13:00 | Research | Castle Age |
| 13:00 | Research | Castle Age |
| 13:00 | Research | Castle Age |
| 13:01 | Research | Castle Age |
| 13:01 | Research | Castle Age |
| 13:39 | Build | Mining Camp |
| 15:40 | Age | Castle Age |
| 15:43 | Build | Town Center |
| 15:48 | Create | Villager (Male) |
| 15:53 | Research | Bow Saw |
| 16:06 | Build | Town Center |
| 16:10 | Create | Villager (Male) |
| 16:12 | Create | Villager (Male) |
| 16:39 | Create | Villager (Male) |
| 16:45 | Create | Villager (Male) |
| 16:47 | Create | Villager (Male) |
| 16:47 | Create | Villager (Male) |
| 16:50 | Research | Bow Saw |
| 16:53 | Research | Horse Collar |
| 16:55 | Create | Villager (Male) |
| 16:55 | Create | Villager (Male) |
| 16:55 | Create | Villager (Male) |
| 17:05 | Create | Villager (Male) |
| 17:20 | Create | Villager (Male) |
| 17:30 | Create | Villager (Male) |
| 17:39 | Create | Villager (Male) |
| 17:41 | Build | Farm |
| 17:44 | Build | Farm |
| 17:45 | Build | Farm |
| 17:45 | Build | Farm |
| 17:45 | Build | Farm |
| 17:45 | Build | Farm |
| 17:46 | Build | Farm |
| 17:47 | Create | Villager (Male) |
| 17:47 | Create | Villager (Male) |
| 17:47 | Create | Villager (Male) |
| 17:47 | Create | Villager (Male) |
| 17:47 | Create | Villager (Male) |
| 18:05 | Build | Farm |
| 18:07 | Build | Farm |
| 18:10 | Create | Villager (Male) |
| 18:24 | Create | Villager (Male) |
| 18:24 | Create | Villager (Male) |
| 18:26 | Create | Villager (Male) |
| 18:26 | Create | Villager (Male) |
| 18:26 | Create | Villager (Male) |
| 18:26 | Create | Villager (Male) |
| 18:35 | Build | Gate |
| 18:48 | Create | Villager (Male) |
| 18:48 | Create | Villager (Male) |
| 18:55 | Build | Stone Wall |
| 18:58 | Build | House |
| 19:16 | Build | Farm |
| 19:16 | Build | Farm |
| 19:17 | Build | Farm |
| 19:24 | Build | Farm |
| 19:25 | Create | Villager (Male) |
| 19:31 | Create | Villager (Male) |
| 19:32 | Create | Villager (Male) |
| 19:38 | Build | Stone Wall |
| 19:41 | Build | Farm |
| 19:41 | Build | Farm |
| 19:41 | Build | Farm |
| 19:41 | Build | Farm |
| 19:42 | Build | Farm |
| 19:43 | Create | Villager (Male) |
| 19:49 | Build | Farm |
| 19:55 | Build | House |
| 20:01 | Research | Wheelbarrow |
| 20:01 | Create | Villager (Male) |
| 20:05 | Build | Farm |
| 20:06 | Build | Farm |
| 20:08 | Create | Villager (Male) |
| 20:11 | Create | Villager (Male) |
| 20:14 | Create | Villager (Male) |
| 20:28 | Create | Villager (Male) |
| 20:34 | Build | House |
| 20:40 | Build | House |
| 20:41 | Build | House |
| 20:42 | Build | House |
| 20:44 | Create | Villager (Male) |
| 20:46 | Build | Farm |
| 20:46 | Create | Villager (Male) |
| 20:55 | Build | Farm |
| 20:57 | Build | Farm |
| 21:12 | Create | Villager (Male) |
| 21:22 | Build | Farm |
Build order — MysticCloudZ
First 150 of 300 actions detected
| 0:01 | Create | Villager (Male) |
| 0:01 | Create | Villager (Male) |
| 0:02 | Create | Villager (Male) |
| 0:02 | Create | Villager (Male) |
| 0:04 | Build | House |
| 0:07 | Build | House |
| 1:07 | Research | Loom |
| 1:08 | Create | Villager (Male) |
| 1:38 | Build | Palisade Wall |
| 2:00 | Create | Villager (Male) |
| 2:28 | Create | Villager (Male) |
| 2:52 | Create | Villager (Male) |
| 2:53 | Create | Villager (Male) |
| 3:14 | Create | Villager (Male) |
| 4:11 | Create | Villager (Male) |
| 4:35 | Create | Villager (Male) |
| 5:19 | Create | Villager (Male) |
| 5:43 | Create | Villager (Male) |
| 5:48 | Build | House |
| 6:29 | Create | Villager (Male) |
| 6:57 | Build | House |
| 7:26 | Create | Villager (Male) |
| 7:27 | Create | Villager (Male) |
| 7:28 | Create | Villager (Male) |
| 8:26 | Create | Villager (Male) |
| 8:32 | Create | Villager (Male) |
| 8:32 | Create | Villager (Male) |
| 9:09 | Create | Villager (Male) |
| 9:09 | Create | Villager (Male) |
| 9:44 | Build | House |
| 9:54 | Build | Outpost |
| 10:17 | Create | Villager (Male) |
| 10:53 | Create | Villager (Male) |
| 10:53 | Create | Villager (Male) |
| 10:55 | Create | Villager (Male) |
| 11:18 | Build | Lumber Camp |
| 11:52 | Build | Mill |
| 12:08 | Create | Villager (Male) |
| 12:24 | Create | Villager (Male) |
| 12:49 | Create | Villager (Male) |
| 13:07 | Build | Dock |
| 13:22 | Build | House |
| 13:23 | Build | House |
| 13:30 | Build | Palisade Wall |
| 13:37 | Build | Palisade Wall |
| 14:30 | Create | Fishing Ship |
| 14:30 | Create | Fishing Ship |
| 14:42 | Build | Farm |
| 14:42 | Build | Farm |
| 14:42 | Build | Farm |
| 14:42 | Build | Farm |
| 14:47 | Build | Farm |
| 14:52 | Build | Farm |
| 14:54 | Build | Farm |
| 15:14 | Build | Barracks |
| 15:27 | Build | Mining Camp |
| 15:38 | Create | Fishing Ship |
| 15:48 | Create | Villager (Male) |
| 16:14 | Create | Villager (Male) |
| 16:26 | Build | Farm |
| 16:27 | Build | Farm |
| 16:37 | Build | Lumber Camp |
| 16:50 | Build | Farm |
| 17:03 | Create | Villager (Male) |
| 17:25 | Build | Farm |
| 17:28 | Build | Farm |
| 17:29 | Build | Farm |
| 17:32 | Create | Villager (Male) |
| 17:33 | Create | Villager (Male) |
| 18:15 | Build | Palisade Wall |
| 18:16 | Build | Palisade Wall |
| 18:18 | Build | Palisade Wall |
| 18:27 | Build | Palisade Wall |
| 19:13 | Build | Mill |
| 19:24 | Build | Farm |
| 19:25 | Create | Villager (Male) |
| 20:01 | Build | Farm |
| 20:03 | Build | Farm |
| 20:04 | Build | Farm |
| 20:36 | Build | House |
| 20:41 | Build | House |
| 20:42 | Build | Mill |
| 20:43 | Build | Farm |
| 21:18 | Research | Feudal Age |
| 21:58 | Build | Palisade Wall |
| 22:01 | Build | Palisade Wall |
| 22:29 | Build | Palisade Wall |
| 22:31 | Build | Palisade Wall |
| 22:52 | Build | Mill |
| 23:01 | Build | House |
| 23:08 | Build | Palisade Wall |
| 23:12 | Build | House |
| 23:24 | Build | Palisade Wall |
| 23:28 | Age | Feudal Age |
| 24:00 | Create | Spearman |
| 24:53 | Build | Palisade Wall |
| 24:58 | Build | Palisade Wall |
| 25:03 | Build | Palisade Wall |
| 25:05 | Build | Palisade Wall |
| 25:07 | Build | Palisade Wall |
| 25:23 | Build | Outpost |
| 26:23 | Build | Town Center |
| 26:28 | Research | Double-Bit Axe |
| 26:41 | Build | Blacksmith |
| 26:46 | Research | Horse Collar |
| 26:55 | Build | House |
| 27:11 | Research | Town Watch |
| 27:33 | Build | Mining Camp |
| 27:51 | Build | Market |
| 27:57 | Create | Villager (Male) |
| 28:44 | Research | Castle Age |
| 28:53 | Build | Lumber Camp |
| 28:59 | Research | Stone Mining |
| 31:02 | Create | Villager (Male) |
| 31:05 | Create | Villager (Male) |
| 31:24 | Age | Castle Age |
| 31:32 | Research | Bow Saw |
| 31:35 | Research | Heavy Plow |
| 31:53 | Build | House |
| 31:55 | Build | House |
| 31:56 | Build | House |
| 31:58 | Build | House |
| 31:59 | Build | House |
| 32:00 | Build | House |
| 32:01 | Build | House |
| 32:25 | Create | Villager (Male) |
| 32:25 | Create | Villager (Male) |
| 32:56 | Build | Town Center |
| 33:01 | Create | Villager (Male) |
| 33:01 | Create | Villager (Male) |
| 33:14 | Build | Town Center |
| 34:06 | Create | Villager (Male) |
| 34:07 | Create | Villager (Male) |
| 34:39 | Build | Farm |
| 34:41 | Build | Farm |
| 34:43 | Create | Villager (Male) |
| 34:44 | Create | Villager (Male) |
| 34:44 | Create | Villager (Male) |
| 34:44 | Create | Villager (Male) |
| 34:44 | Create | Villager (Male) |
| 34:49 | Create | Villager (Male) |
| 34:50 | Create | Villager (Male) |
| 34:50 | Create | Villager (Male) |
| 34:50 | Create | Villager (Male) |
| 35:10 | Build | Town Center |
| 35:20 | Create | Villager (Male) |
| 35:20 | Create | Villager (Male) |
| 35:20 | Create | Villager (Male) |
| 35:20 | Create | Villager (Male) |
| 35:39 | Build | Town Center |
Build order — babelfisch
First 150 of 274 actions detected
| 0:01 | Create | Villager (Male) |
| 0:01 | Create | Villager (Male) |
| 0:02 | Create | Villager (Male) |
| 0:03 | Build | House |
| 0:04 | Build | House |
| 0:16 | Research | Loom |
| 0:16 | Create | Villager (Male) |
| 0:17 | Create | Villager (Male) |
| 0:17 | Create | Villager (Male) |
| 1:12 | Build | Palisade Wall |
| 1:46 | Build | Palisade Wall |
| 1:46 | Build | Palisade Wall |
| 1:49 | Create | Villager (Male) |
| 2:09 | Build | Palisade Wall |
| 2:27 | Create | Villager (Male) |
| 2:52 | Build | Palisade Wall |
| 2:52 | Build | Palisade Wall |
| 3:02 | Build | Palisade Wall |
| 3:05 | Build | Palisade Wall |
| 3:10 | Build | Palisade Wall |
| 3:25 | Create | Villager (Male) |
| 3:39 | Build | Lumber Camp |
| 3:43 | Build | Palisade Wall |
| 3:50 | Create | Villager (Male) |
| 3:54 | Create | Villager (Male) |
| 3:56 | Build | Lumber Camp |
| 4:23 | Create | Villager (Male) |
| 4:57 | Create | Villager (Male) |
| 4:59 | Create | Villager (Male) |
| 5:15 | Create | Villager (Male) |
| 5:23 | Build | House |
| 5:29 | Create | Villager (Male) |
| 5:55 | Create | Villager (Male) |
| 6:21 | Create | Villager (Male) |
| 6:22 | Create | Villager (Male) |
| 7:02 | Create | Villager (Male) |
| 7:20 | Create | Villager (Male) |
| 8:00 | Build | Mill |
| 8:25 | Build | House |
| 9:00 | Create | Villager (Male) |
| 9:29 | Research | Feudal Age |
| 10:00 | Create | Villager (Male) |
| 10:12 | Create | Villager (Male) |
| 10:38 | Create | Villager (Male) |
| 11:01 | Build | Barracks |
| 11:15 | Create | Villager (Male) |
| 11:20 | Create | Villager (Male) |
| 11:33 | Create | Villager (Male) |
| 11:39 | Age | Feudal Age |
| 11:51 | Create | Villager (Male) |
| 12:06 | Build | Palisade Wall |
| 12:09 | Build | Palisade Wall |
| 12:10 | Build | Palisade Wall |
| 12:32 | Build | Archery Range |
| 12:41 | Create | Villager (Male) |
| 12:57 | Create | Archer |
| 13:00 | Create | Villager (Male) |
| 13:24 | Create | Villager (Male) |
| 13:24 | Create | Villager (Male) |
| 13:44 | Build | Mining Camp |
| 14:00 | Build | House |
| 14:24 | Create | Archer |
| 14:32 | Create | Villager (Male) |
| 15:00 | Create | Archer |
| 15:11 | Create | Villager (Male) |
| 15:20 | Build | Stone Wall |
| 15:21 | Build | Stone Wall |
| 15:21 | Build | Stone Wall |
| 15:22 | Build | Stone Wall |
| 15:22 | Build | Stone Wall |
| 15:27 | Build | Stone Wall |
| 15:36 | Create | Archer |
| 15:36 | Create | Archer |
| 15:39 | Create | Villager (Male) |
| 15:40 | Build | House |
| 15:57 | Build | Watch Tower |
| 16:03 | Create | Archer |
| 16:03 | Create | Villager (Male) |
| 16:09 | Create | Villager (Male) |
| 16:14 | Create | Archer |
| 16:46 | Create | Archer |
| 16:48 | Create | Villager (Male) |
| 16:48 | Create | Villager (Male) |
| 17:08 | Create | Villager (Male) |
| 17:19 | Build | House |
| 17:19 | Build | House |
| 17:19 | Build | House |
| 17:20 | Build | House |
| 17:52 | Build | Farm |
| 18:43 | Build | Lumber Camp |
| 18:53 | Create | Villager (Male) |
| 19:28 | Create | Villager (Male) |
| 19:37 | Build | House |
| 19:44 | Create | Villager (Male) |
| 20:07 | Build | Blacksmith |
| 20:12 | Create | Villager (Male) |
| 20:24 | Create | Villager (Male) |
| 20:31 | Build | Stone Wall |
| 20:41 | Build | Lumber Camp |
| 20:41 | Create | Villager (Male) |
| 20:57 | Create | Spearman |
| 20:57 | Create | Spearman |
| 21:05 | Create | Villager (Male) |
| 21:05 | Create | Villager (Male) |
| 21:09 | Create | Spearman |
| 21:27 | Build | Mining Camp |
| 21:40 | Build | Lumber Camp |
| 21:44 | Create | Villager (Male) |
| 22:04 | Research | Double-Bit Axe |
| 22:18 | Research | Horse Collar |
| 22:50 | Build | House |
| 22:51 | Build | House |
| 22:55 | Build | House |
| 22:57 | Build | House |
| 23:01 | Build | House |
| 23:03 | Build | Palisade Wall |
| 23:51 | Build | Town Center |
| 24:31 | Build | House |
| 24:40 | Build | House |
| 24:42 | Build | House |
| 24:47 | Build | Palisade Wall |
| 24:50 | Build | Palisade Wall |
| 24:59 | Create | Villager (Male) |
| 25:07 | Create | Villager (Male) |
| 25:07 | Create | Villager (Male) |
| 25:10 | Build | Farm |
| 25:11 | Build | Farm |
| 25:12 | Build | Farm |
| 25:13 | Build | Farm |
| 25:18 | Build | Farm |
| 25:19 | Build | Farm |
| 25:20 | Build | Farm |
| 25:21 | Build | Farm |
| 25:22 | Build | Farm |
| 25:25 | Create | Villager (Male) |
| 25:25 | Create | Villager (Male) |
| 25:25 | Create | Villager (Male) |
| 25:26 | Create | Villager (Male) |
| 25:32 | Build | Farm |
| 26:09 | Build | Farm |
| 26:15 | Create | Villager (Male) |
| 26:17 | Build | Farm |
| 27:47 | Build | Lumber Camp |
| 28:17 | Build | Farm |
| 28:17 | Create | Villager (Male) |
| 28:18 | Create | Villager (Male) |
| 28:28 | Build | House |
| 28:29 | Build | House |
| 28:54 | Build | Farm |
| 28:56 | Create | Villager (Male) |
Build order — MasterProber
First 150 of 315 actions detected
| 0:01 | Create | Villager (Male) |
| 0:01 | Create | Villager (Male) |
| 0:01 | Create | Villager (Male) |
| 0:02 | Create | Villager (Male) |
| 0:02 | Create | Villager (Male) |
| 0:03 | Build | House |
| 0:04 | Build | House |
| 1:33 | Create | Villager (Male) |
| 1:56 | Create | Villager (Male) |
| 2:25 | Build | Lumber Camp |
| 2:28 | Create | Villager (Male) |
| 2:29 | Create | Villager (Male) |
| 2:50 | Create | Villager (Male) |
| 3:23 | Build | House |
| 3:37 | Create | Villager (Male) |
| 3:47 | Create | Villager (Male) |
| 4:16 | Build | Mill |
| 4:44 | Create | Villager (Male) |
| 5:00 | Create | Villager (Male) |
| 5:01 | Build | House |
| 5:22 | Create | Villager (Male) |
| 5:23 | Create | Villager (Male) |
| 5:46 | Research | Loom |
| 5:50 | Create | Villager (Male) ×3 |
| 5:55 | Build | House |
| 6:10 | Create | Villager (Male) |
| 6:10 | Create | Villager (Male) |
| 7:07 | Create | Villager (Male) |
| 7:30 | Create | Villager (Male) |
| 8:05 | Build | Palisade Wall |
| 8:10 | Create | Villager (Male) |
| 8:10 | Create | Villager (Male) |
| 8:13 | Build | Palisade Wall |
| 8:20 | Build | Palisade Wall |
| 8:24 | Create | Villager (Male) |
| 8:27 | Build | Palisade Wall |
| 8:32 | Build | Palisade Wall |
| 8:38 | Build | Palisade Wall |
| 8:42 | Create | Villager (Male) |
| 8:42 | Create | Villager (Male) |
| 8:50 | Build | Palisade Wall |
| 9:03 | Build | Mining Camp |
| 9:24 | Research | Feudal Age |
| 11:11 | Create | Villager (Male) |
| 11:11 | Create | Villager (Male) |
| 11:49 | Age | Feudal Age |
| 11:56 | Build | Market |
| 11:58 | Build | Blacksmith |
| 12:04 | Build | Palisade Wall |
| 12:09 | Build | Stone Wall |
| 12:15 | Create | Villager (Male) |
| 12:33 | Create | Villager (Male) |
| 12:53 | Research | Castle Age |
| 13:34 | Build | Stone Wall |
| 13:54 | Build | House |
| 13:57 | Build | House |
| 14:00 | Build | House |
| 14:24 | Build | Stone Wall |
| 14:26 | Build | Stone Wall |
| 14:29 | Research | Double-Bit Axe |
| 14:31 | Research | Horse Collar |
| 14:58 | Build | Stone Wall |
| 15:00 | Build | Stone Wall |
| 15:02 | Build | Stone Wall |
| 15:04 | Build | Stone Wall |
| 15:07 | Build | Stone Wall |
| 15:08 | Build | Stone Wall |
| 15:16 | Build | Stone Wall |
| 15:33 | Age | Castle Age |
| 15:35 | Build | Town Center |
| 15:36 | Create | Villager (Male) |
| 15:36 | Create | Villager (Male) |
| 16:05 | Build | Town Center |
| 16:23 | Research | Bow Saw |
| 16:23 | Create | Villager (Male) |
| 16:24 | Create | Villager (Male) |
| 16:24 | Create | Villager (Male) |
| 16:25 | Create | Villager (Male) |
| 16:56 | Build | Farm |
| 17:11 | Create | Villager (Male) |
| 17:14 | Create | Villager (Male) |
| 17:22 | Build | Monastery |
| 17:34 | Create | Villager (Male) |
| 17:35 | Create | Villager (Male) |
| 17:42 | Build | Farm |
| 17:47 | Create | Villager (Male) |
| 17:47 | Create | Villager (Male) |
| 17:50 | Build | Farm |
| 17:58 | Build | Farm |
| 18:01 | Create | Villager (Male) ×2 |
| 18:10 | Research | Sanctity |
| 18:12 | Build | Farm |
| 18:19 | Create | Villager (Male) |
| 18:39 | Build | Stone Wall |
| 18:52 | Build | Farm |
| 18:54 | Build | Farm |
| 18:57 | Build | Siege Workshop |
| 19:01 | Create | Villager (Male) |
| 19:03 | Build | Farm |
| 19:03 | Build | Farm |
| 19:04 | Create | Monk |
| 19:13 | Build | Farm |
| 19:14 | Build | Farm |
| 19:16 | Build | Farm |
| 19:18 | Build | Farm |
| 19:24 | Create | Villager (Male) |
| 19:26 | Create | Villager (Male) ×2 |
| 19:31 | Build | Farm |
| 19:33 | Build | Farm |
| 19:47 | Create | Villager (Male) |
| 19:51 | Create | Monk |
| 20:01 | Create | Mangonel |
| 20:19 | Build | Barracks |
| 20:37 | Build | Gate |
| 20:38 | Create | Villager (Male) ×4 |
| 20:43 | Build | Farm |
| 20:48 | Build | Stone Wall |
| 20:51 | Build | House |
| 20:51 | Build | House |
| 21:14 | Build | Siege Workshop |
| 21:20 | Research | Fervor |
| 21:25 | Create | Villager (Male) ×5 |
| 21:34 | Build | Farm |
| 21:34 | Build | Farm |
| 21:36 | Build | Farm |
| 21:37 | Build | Farm |
| 21:39 | Build | Farm |
| 21:44 | Build | House |
| 21:44 | Build | House |
| 21:45 | Create | Villager (Male) ×2 |
| 21:58 | Create | Monk |
| 22:00 | Create | Mangonel |
| 22:10 | Build | Outpost |
| 22:22 | Create | Villager (Male) ×4 |
| 22:35 | Build | House |
| 22:36 | Create | Villager (Male) |
| 22:37 | Create | Villager (Male) |
| 22:53 | Create | Monk |
| 22:58 | Build | Palisade Wall |
| 23:15 | Build | Gate |
| 23:17 | Build | Stone Wall |
| 23:20 | Create | Villager (Male) ×5 |
| 23:31 | Build | Farm |
| 23:32 | Build | Farm |
| 23:33 | Create | Mangonel |
| 23:38 | Create | Villager (Male) ×2 |
| 23:44 | Build | Farm |
| 24:01 | Build | Town Center |
| 24:10 | Create | Villager (Male) ×5 |
| 24:13 | Build | House |
Build order — Inebriation
First 150 of 326 actions detected
| 0:01 | Create | Villager (Male) |
| 0:01 | Create | Villager (Male) |
| 0:01 | Create | Villager (Male) |
| 0:35 | Research | Loom |
| 0:35 | Research | Loom |
| 0:40 | Create | Villager (Male) |
| 0:40 | Create | Villager (Male) |
| 0:40 | Create | Villager (Male) |
| 1:12 | Build | Palisade Wall |
| 1:14 | Build | Palisade Wall |
| 1:15 | Build | Palisade Wall |
| 1:18 | Build | Palisade Wall |
| 2:07 | Build | Palisade Wall |
| 2:14 | Create | Villager (Male) |
| 2:27 | Create | Villager (Male) |
| 2:27 | Create | Villager (Male) |
| 3:15 | Create | Villager (Male) |
| 3:26 | Create | Villager (Male) |
| 3:26 | Create | Villager (Male) |
| 4:03 | Build | Lumber Camp |
| 4:04 | Create | Villager (Male) |
| 4:04 | Create | Villager (Male) |
| 4:21 | Create | Villager (Male) |
| 4:21 | Create | Villager (Male) |
| 4:46 | Create | Villager (Male) |
| 5:04 | Create | Villager (Male) |
| 5:31 | Create | Villager (Male) |
| 6:21 | Create | Villager (Male) |
| 6:29 | Create | Villager (Male) |
| 6:50 | Create | Villager (Male) |
| 7:07 | Build | Palisade Wall |
| 7:21 | Create | Villager (Male) |
| 7:28 | Build | Barracks |
| 8:07 | Research | Feudal Age |
| 8:30 | Create | Militia |
| 8:30 | Create | Militia |
| 8:42 | Create | Militia |
| 8:46 | Create | Militia |
| 9:47 | Build | Mill |
| 9:57 | Create | Militia |
| 9:59 | Create | Villager (Male) |
| 10:17 | Age | Feudal Age |
| 10:21 | Research | Man-at-Arms (upgrade) |
| 10:37 | Create | Villager (Male) |
| 11:15 | Create | Villager (Male) |
| 11:15 | Create | Villager (Male) |
| 11:18 | Build | Farm |
| 11:19 | Build | Farm |
| 11:25 | Create | Villager (Male) |
| 11:52 | Create | Villager (Male) |
| 11:54 | Build | Farm |
| 11:59 | Build | Stone Wall |
| 12:01 | Build | Gate |
| 12:03 | Create | Villager (Male) |
| 12:08 | Build | Farm |
| 12:16 | Create | Villager (Male) |
| 12:20 | Build | Stone Wall |
| 12:21 | Build | Stone Wall |
| 12:35 | Build | Farm |
| 12:43 | Create | Villager (Male) |
| 13:01 | Create | Villager (Male) |
| 13:04 | Build | Mining Camp |
| 13:06 | Create | Villager (Male) |
| 13:17 | Create | Villager (Male) |
| 13:49 | Create | Villager (Male) |
| 13:57 | Build | Stone Wall |
| 14:10 | Create | Villager (Male) |
| 14:16 | Build | Farm |
| 14:18 | Build | Farm |
| 14:25 | Research | Arson |
| 14:27 | Create | Villager (Male) |
| 15:14 | Create | Villager (Male) |
| 15:24 | Build | Mining Camp |
| 16:04 | Build | Farm |
| 16:05 | Build | Farm |
| 16:06 | Build | Farm |
| 16:28 | Build | Lumber Camp |
| 17:17 | Build | Stone Wall |
| 17:22 | Create | Villager (Male) |
| 17:27 | Build | Market |
| 17:34 | Create | Villager (Male) |
| 17:58 | Build | Blacksmith |
| 18:02 | Create | Villager (Male) |
| 18:28 | Build | Palisade Wall |
| 18:29 | Build | Palisade Wall |
| 18:33 | Build | Palisade Wall |
| 18:35 | Build | Palisade Wall |
| 18:49 | Build | Farm |
| 18:50 | Build | Farm |
| 18:58 | Research | Castle Age |
| 19:42 | Research | Double-Bit Axe |
| 19:50 | Build | Farm |
| 19:53 | Build | Farm |
| 19:55 | Build | Farm |
| 20:15 | Research | Horse Collar |
| 20:53 | Build | Outpost |
| 21:11 | Create | Villager (Male) |
| 21:12 | Create | Villager (Male) |
| 21:14 | Research | Wheelbarrow |
| 21:38 | Age | Castle Age |
| 21:46 | Build | Castle |
| 21:55 | Create | Villager (Male) |
| 22:37 | Research | Bow Saw |
| 22:43 | Build | Town Center |
| 22:49 | Research | Fletching |
| 23:20 | Build | Mining Camp |
| 23:24 | Create | Villager (Male) |
| 23:24 | Create | Villager (Male) |
| 23:52 | Create | Villager (Male) |
| 23:59 | Build | Farm |
| 24:01 | Create | Villager (Male) |
| 24:01 | Create | Villager (Male) |
| 24:51 | Build | Barracks |
| 24:55 | Build | Stable |
| 24:58 | Create | Villager (Male) |
| 24:58 | Create | Villager (Male) |
| 25:00 | Create | Villager (Male) |
| 25:05 | Create | Villager (Male) |
| 25:24 | Build | Palisade Wall |
| 25:28 | Create | Villager (Male) |
| 25:34 | Build | Farm |
| 25:36 | Build | Farm |
| 25:39 | Build | Farm |
| 25:42 | Create | Villager (Male) |
| 26:08 | Create | Villager (Male) |
| 26:11 | Build | Farm |
| 26:31 | Create | Villager (Male) |
| 26:44 | Build | Castle |
| 26:51 | Build | Farm |
| 26:51 | Create | Villager (Male) |
| 26:57 | Create | Villager (Male) |
| 27:17 | Create | Villager (Male) |
| 27:23 | Build | Farm |
| 27:39 | Research | Imperial Age |
| 27:45 | Create | Villager (Male) |
| 28:00 | Build | Town Center |
| 28:03 | Create | Villager (Male) |
| 28:03 | Create | Villager (Male) |
| 28:28 | Create | Tarkan |
| 28:46 | Research | Town Watch |
| 28:55 | Build | Lumber Camp |
| 29:00 | Research | Gold Mining |
| 29:01 | Create | Villager (Male) |
| 29:01 | Create | Villager (Male) |
| 29:03 | Research | Stone Mining |
| 29:05 | Create | Villager (Male) |
| 29:05 | Create | Villager (Male) |
| 30:24 | Create | Villager (Male) |
| 30:25 | Create | Villager (Male) |
| 30:26 | Create | Villager (Male) |
Build order — TRex
First 150 of 289 actions detected
| 0:01 | Create | Villager (Male) ×5 |
| 0:02 | Build | House |
| 0:04 | Build | House |
| 0:25 | Create | Villager (Male) |
| 0:39 | Research | Loom |
| 0:40 | Create | Villager (Male) |
| 0:40 | Create | Villager (Male) |
| 0:47 | Create | Villager (Male) |
| 0:47 | Create | Villager (Male) |
| 2:08 | Create | Villager (Male) |
| 2:08 | Create | Villager (Male) |
| 2:29 | Create | Villager (Male) |
| 2:29 | Create | Villager (Male) |
| 2:55 | Build | Lumber Camp |
| 2:58 | Create | Villager (Male) |
| 4:09 | Create | Villager (Male) |
| 4:09 | Create | Villager (Male) |
| 4:09 | Create | Villager (Male) |
| 4:09 | Create | Villager (Male) |
| 4:20 | Build | House |
| 5:20 | Create | Villager (Male) |
| 5:20 | Create | Villager (Male) |
| 5:41 | Build | House |
| 6:51 | Create | Villager (Male) |
| 6:51 | Create | Villager (Male) |
| 7:24 | Create | Villager (Male) |
| 7:24 | Create | Villager (Male) |
| 7:24 | Create | Villager (Male) |
| 7:32 | Create | Villager (Male) |
| 7:32 | Create | Villager (Male) |
| 7:50 | Create | Villager (Male) |
| 7:50 | Create | Villager (Male) |
| 7:59 | Build | Dock |
| 8:22 | Build | House |
| 9:08 | Build | House |
| 9:23 | Build | House |
| 9:31 | Create | Villager (Male) |
| 9:45 | Build | House |
| 10:05 | Create | Fishing Ship |
| 10:09 | Build | House |
| 10:17 | Create | Villager (Male) |
| 10:37 | Build | Palisade Gate |
| 10:39 | Build | Palisade Gate |
| 10:50 | Create | Villager (Male) |
| 11:13 | Build | House |
| 11:14 | Create | Villager (Male) |
| 11:28 | Create | Fishing Ship |
| 11:31 | Build | Mill |
| 11:37 | Create | Villager (Male) |
| 11:39 | Create | Fishing Ship |
| 11:48 | Build | House |
| 12:12 | Research | Feudal Age |
| 12:12 | Research | Feudal Age |
| 12:31 | Build | House |
| 12:43 | Build | Lumber Camp |
| 13:23 | Build | Palisade Wall |
| 13:24 | Build | Palisade Wall |
| 13:27 | Build | Palisade Wall |
| 13:33 | Build | Mill |
| 13:51 | Build | Outpost |
| 14:00 | Build | Outpost |
| 14:04 | Build | Outpost |
| 14:11 | Create | Villager (Male) |
| 14:22 | Age | Feudal Age |
| 14:22 | Research | Town Watch |
| 14:27 | Build | Dock |
| 14:43 | Build | Outpost |
| 14:54 | Research | Wheelbarrow |
| 14:54 | Research | Wheelbarrow |
| 15:02 | Build | Stone Wall |
| 15:05 | Build | Stone Wall |
| 15:06 | Build | Stone Wall |
| 15:10 | Create | Fire Galley |
| 15:17 | Create | Villager (Male) |
| 15:29 | Build | Mining Camp |
| 15:35 | Research | Double-Bit Axe |
| 15:45 | Create | Fishing Ship |
| 15:48 | Create | Villager (Male) |
| 16:07 | Build | Outpost |
| 16:23 | Create | Fishing Ship |
| 16:27 | Create | Villager (Male) |
| 16:28 | Create | Villager (Male) |
| 16:39 | Research | Tech 906 |
| 16:39 | Research | Tech 906 |
| 16:59 | Create | Fishing Ship |
| 17:22 | Build | Watch Tower |
| 17:25 | Build | House |
| 17:30 | Build | House |
| 17:31 | Build | House |
| 17:38 | Build | Outpost |
| 17:39 | Create | Villager (Male) |
| 17:47 | Build | Outpost |
| 17:59 | Create | Fishing Ship |
| 17:59 | Create | Fishing Ship |
| 18:10 | Build | Outpost |
| 18:11 | Create | Villager (Male) |
| 18:11 | Create | Villager (Male) |
| 18:15 | Build | Mill |
| 18:36 | Build | House |
| 18:45 | Build | Stone Wall |
| 18:47 | Build | Stone Wall |
| 18:49 | Build | Stone Wall |
| 18:50 | Build | Stone Wall |
| 18:51 | Build | Stone Wall |
| 18:53 | Create | Villager (Male) |
| 19:00 | Build | Mining Camp |
| 19:11 | Create | Fishing Ship |
| 19:11 | Create | Fishing Ship |
| 19:19 | Create | Villager (Male) |
| 19:23 | Build | Market |
| 19:33 | Build | Fish Trap |
| 19:37 | Create | Villager (Male) |
| 19:49 | Build | Blacksmith |
| 20:01 | Build | Palisade Wall |
| 20:03 | Build | Palisade Wall |
| 20:10 | Build | Palisade Wall |
| 20:17 | Create | Villager (Male) |
| 20:20 | Build | Farm |
| 20:24 | Build | Farm |
| 20:25 | Build | Farm |
| 20:39 | Create | Villager (Male) |
| 20:46 | Build | Fish Trap |
| 20:56 | Create | Villager (Male) |
| 21:07 | Build | Watch Tower |
| 21:20 | Build | Fish Trap |
| 21:21 | Build | Fish Trap |
| 21:24 | Build | Fish Trap |
| 21:25 | Create | Villager (Male) |
| 21:51 | Create | Villager (Male) |
| 22:10 | Build | Watch Tower |
| 22:13 | Build | Palisade Wall |
| 22:13 | Build | Palisade Wall |
| 22:14 | Build | Palisade Wall |
| 22:15 | Build | Palisade Wall |
| 22:16 | Build | Palisade Wall |
| 22:16 | Build | Palisade Wall |
| 22:18 | Build | Palisade Wall |
| 22:20 | Build | Palisade Wall |
| 22:23 | Build | Palisade Wall |
| 22:48 | Research | Castle Age |
| 22:56 | Build | Palisade Wall |
| 22:57 | Build | Palisade Wall |
| 22:58 | Build | Palisade Wall |
| 22:59 | Build | Palisade Wall |
| 23:07 | Build | Fish Trap |
| 23:11 | Create | Fishing Ship |
| 23:14 | Create | Fishing Ship |
| 23:17 | Create | Fishing Ship |
| 23:17 | Create | Fishing Ship |
| 23:17 | Create | Fishing Ship |
Build order — SpeeDiK
First 150 of 337 actions detected
| 0:00 | Create | Villager (Male) ×4 |
| 0:01 | Create | Villager (Male) ×4 |
| 0:02 | Build | House |
| 0:02 | Build | House |
| 1:28 | Create | Villager (Male) |
| 2:03 | Build | Lumber Camp |
| 2:04 | Create | Villager (Male) |
| 2:21 | Create | Villager (Male) |
| 2:59 | Create | Villager (Male) |
| 3:02 | Create | Villager (Male) |
| 3:36 | Create | Villager (Male) |
| 3:52 | Build | House |
| 3:54 | Create | Villager (Male) |
| 4:25 | Create | Villager (Male) |
| 4:27 | Build | House |
| 5:06 | Create | Villager (Male) |
| 5:06 | Create | Villager (Male) |
| 5:30 | Create | Villager (Male) |
| 5:48 | Create | Villager (Male) |
| 6:10 | Create | Villager (Male) |
| 6:34 | Create | Villager (Male) |
| 6:38 | Research | Loom |
| 6:38 | Research | Loom |
| 6:40 | Create | Villager (Male) |
| 6:40 | Create | Villager (Male) |
| 6:41 | Create | Villager (Male) |
| 8:08 | Create | Villager (Male) |
| 8:23 | Build | Mill |
| 8:31 | Build | House |
| 8:39 | Create | Villager (Male) |
| 8:50 | Build | Mining Camp |
| 8:55 | Create | Villager (Male) |
| 9:36 | Create | Villager (Male) |
| 9:38 | Research | Feudal Age |
| 11:19 | Create | Villager (Male) |
| 11:19 | Create | Villager (Male) |
| 11:40 | Build | House |
| 12:09 | Create | Villager (Male) |
| 12:11 | Create | Villager (Male) |
| 12:16 | Age | Feudal Age |
| 12:18 | Build | Market |
| 12:21 | Build | Blacksmith |
| 13:14 | Research | Castle Age |
| 13:20 | Build | Barracks |
| 13:47 | Research | Double-Bit Axe |
| 14:30 | Build | Stable |
| 14:34 | Create | Villager (Male) |
| 14:34 | Create | Villager (Male) |
| 15:20 | Research | Horse Collar |
| 15:20 | Research | Horse Collar |
| 15:54 | Age | Castle Age |
| 15:56 | Build | Siege Workshop |
| 15:57 | Create | Knight |
| 16:01 | Build | Monastery |
| 16:11 | Create | Knight |
| 16:12 | Create | Villager (Male) |
| 16:16 | Research | Bow Saw |
| 16:22 | Build | Farm |
| 16:37 | Create | Mangonel |
| 16:56 | Create | Villager (Male) |
| 17:08 | Create | Villager (Male) |
| 17:30 | Create | Villager (Male) |
| 17:32 | Create | Monk |
| 17:34 | Build | House |
| 17:35 | Build | House |
| 17:46 | Create | Battering Ram |
| 17:58 | Create | Knight |
| 18:18 | Create | Villager (Male) |
| 18:18 | Create | Villager (Male) |
| 18:20 | Build | Farm |
| 18:21 | Build | Farm |
| 18:21 | Build | Farm |
| 18:22 | Build | Farm |
| 18:22 | Build | Farm |
| 18:26 | Build | Farm |
| 18:46 | Build | Farm |
| 18:46 | Build | Farm |
| 18:47 | Build | Farm |
| 19:12 | Create | Villager (Male) |
| 19:15 | Build | Farm |
| 19:30 | Build | Outpost |
| 19:40 | Create | Knight |
| 20:08 | Create | Knight |
| 20:12 | Build | House |
| 20:20 | Create | Villager (Male) |
| 20:21 | Create | Villager (Male) |
| 20:29 | Create | Knight |
| 20:32 | Build | House |
| 20:32 | Build | House |
| 20:36 | Build | House |
| 21:05 | Build | House |
| 21:06 | Build | House |
| 21:10 | Create | Villager (Male) |
| 21:21 | Build | Town Center |
| 22:02 | Create | Knight |
| 22:04 | Create | Villager (Male) |
| 22:08 | Build | Farm |
| 22:08 | Build | Farm |
| 22:09 | Build | Farm |
| 22:10 | Build | Farm |
| 22:13 | Build | Farm |
| 22:13 | Build | Farm |
| 22:14 | Build | Farm |
| 22:15 | Build | Farm |
| 22:16 | Create | Villager (Male) |
| 22:17 | Create | Villager (Male) |
| 22:17 | Create | Villager (Male) |
| 22:33 | Create | Knight |
| 22:44 | Build | Farm |
| 22:45 | Build | Farm |
| 22:45 | Build | Farm |
| 22:51 | Build | House |
| 23:26 | Create | Knight |
| 23:26 | Create | Knight |
| 23:44 | Create | Villager (Male) |
| 23:45 | Create | Villager (Male) |
| 23:45 | Create | Villager (Male) |
| 23:45 | Create | Villager (Male) |
| 23:45 | Create | Villager (Male) |
| 23:46 | Create | Villager (Male) |
| 24:11 | Create | Knight ×2 |
| 24:15 | Create | Villager (Male) |
| 25:06 | Create | Knight |
| 25:08 | Create | Villager (Male) |
| 25:08 | Create | Villager (Male) |
| 25:08 | Create | Villager (Male) |
| 25:08 | Create | Villager (Male) |
| 25:09 | Create | Villager (Male) |
| 25:27 | Create | Knight |
| 25:35 | Build | Town Center |
| 25:39 | Research | Wheelbarrow |
| 25:43 | Research | Town Watch |
| 25:51 | Build | House |
| 26:04 | Build | House |
| 26:08 | Build | House |
| 26:10 | Build | Palisade Wall |
| 26:37 | Create | Villager (Male) |
| 26:37 | Create | Villager (Male) |
| 26:37 | Create | Villager (Male) |
| 26:38 | Create | Villager (Male) |
| 26:38 | Create | Villager (Male) |
| 26:40 | Build | House |
| 26:40 | Build | House |
| 26:49 | Build | Mill |
| 26:50 | Build | Farm |
| 26:50 | Build | Farm |
| 26:50 | Build | Farm |
| 26:51 | Build | Farm |
| 26:51 | Build | Farm |
| 26:51 | Build | Farm |
Match timeline
| 1:12 | babelfisch · wall_segment Palisade Wall x11 |
| 1:12 | Inebriation · wall_segment Palisade Wall x1 |
| 1:14 | Inebriation · wall_segment Palisade Wall x1 |
| 1:15 | Inebriation · wall_segment Palisade Wall x1 |
| 1:18 | Inebriation · wall_segment Palisade Wall x1 |
| 1:22 | lion_ · wall_segment Palisade Wall x1 |
| 1:38 | MysticCloudZ · wall_segment Palisade Wall x10 |
| 1:46 | babelfisch · wall_segment Palisade Wall x1 |
| 1:46 | babelfisch · wall_segment Palisade Wall x1 |
| 2:07 | Inebriation · wall_segment Palisade Wall x8 |
| 2:09 | babelfisch · wall_segment Palisade Wall x1 |
| 2:52 | babelfisch · wall_segment Palisade Wall x1 |
| 2:52 | babelfisch · wall_segment Palisade Wall x1 |
| 3:02 | babelfisch · wall_segment Palisade Wall x1 |
| 3:05 | babelfisch · wall_segment Palisade Wall x1 |
| 3:10 | babelfisch · wall_segment Palisade Wall x1 |
| 3:43 | babelfisch · wall_segment Palisade Wall x1 |
| 5:25 | bolimoli · first_building Dock |
| 6:35 | lion_ · wall_segment Palisade Wall x15 |
| 7:07 | Inebriation · wall_segment Palisade Wall x1 |
| 7:28 | Inebriation · first_building Barracks |
| 7:40 | lion_ · wall_segment Palisade Wall x1 |
| 7:41 | lion_ · wall_segment Palisade Wall x1 |
| 7:42 | lion_ · wall_segment Palisade Wall x1 |
| 7:45 | lion_ · wall_segment Palisade Wall x1 |
| 7:59 | TRex · first_building Dock |
| 8:05 | MasterProber · wall_segment Palisade Wall x1 |
| 8:13 | MasterProber · wall_segment Palisade Wall x1 |
| 8:14 | lion_ · wall_segment Palisade Wall x1 |
| 8:20 | MasterProber · wall_segment Palisade Wall x1 |
| 8:27 | MasterProber · wall_segment Palisade Wall x1 |
| 8:28 | lion_ · wall_segment Palisade Wall x1 |
| 8:32 | MasterProber · wall_segment Palisade Wall x1 |
| 8:35 | lion_ · wall_segment Palisade Wall x1 |
| 8:38 | MasterProber · wall_segment Palisade Wall x1 |
| 8:50 | MasterProber · wall_segment Palisade Wall x1 |
| 9:31 | lion_ · wall_segment Palisade Wall x8 |
| 10:17 | Inebriation · age_up feudal |
| 10:20 | bolimoli · wall_segment Palisade Wall x1 |
| 10:29 | bolimoli · wall_segment Palisade Wall x1 |
| 10:49 | bolimoli · wall_segment Palisade Wall x1 |
| 11:01 | babelfisch · first_building Barracks |
| 11:03 | bolimoli · first_building Barracks |
| 11:13 | lion_ · wall_segment Palisade Wall x1 |
| 11:21 | bolimoli · wall_segment Palisade Wall x1 |
| 11:27 | bolimoli · wall_segment Palisade Wall x1 |
| 11:29 | lion_ · wall_segment Palisade Wall x1 |
| 11:39 | babelfisch · age_up feudal |
| 11:49 | MasterProber · age_up feudal |
| 11:50 | lion_ · age_up feudal |
| 11:59 | Inebriation · wall_segment Stone Wall x3 |
| 12:04 | MasterProber · wall_segment Palisade Wall x7 |
| 12:06 | babelfisch · wall_segment Palisade Wall x1 |
| 12:07 | lion_ · wall_segment Stone Wall x12 |
| 12:09 | MasterProber · wall_segment Stone Wall x15 |
| 12:09 | babelfisch · wall_segment Palisade Wall x1 |
| 12:10 | babelfisch · wall_segment Palisade Wall x1 |
| 12:16 | SpeeDiK · age_up feudal |
| 12:20 | Inebriation · wall_segment Stone Wall x1 |
| 12:21 | Inebriation · wall_segment Stone Wall x1 |
| 12:32 | babelfisch · first_building Archery Range |
| 12:43 | bolimoli · wall_segment Palisade Wall x1 |
| 12:44 | bolimoli · wall_segment Palisade Wall x1 |
| 12:46 | lion_ · wall_segment Stone Wall x1 |
| 12:47 | lion_ · wall_segment Stone Wall x1 |
| 12:48 | lion_ · wall_segment Stone Wall x1 |
| 12:50 | bolimoli · age_up feudal |
| 12:51 | bolimoli · wall_segment Palisade Wall x1 |
| 12:54 | bolimoli · first_building Stable |
| 13:07 | MysticCloudZ · first_building Dock |
| 13:20 | SpeeDiK · first_building Barracks |
| 13:23 | TRex · wall_segment Palisade Wall x1 |
| 13:24 | TRex · wall_segment Palisade Wall x1 |
| 13:27 | TRex · wall_segment Palisade Wall x4 |
| 13:30 | MysticCloudZ · wall_segment Palisade Wall x9 |
| 13:34 | MasterProber · wall_segment Stone Wall x11 |
| 13:37 | MysticCloudZ · wall_segment Palisade Wall x10 |
| 13:50 | bolimoli · first_market_sell 100 wood |
| 13:57 | Inebriation · wall_segment Stone Wall x10 |
| 14:22 | TRex · age_up feudal |
| 14:24 | MasterProber · wall_segment Stone Wall x1 |
| 14:26 | MasterProber · wall_segment Stone Wall x1 |
| 14:30 | SpeeDiK · first_building Stable |
| 14:58 | MasterProber · wall_segment Stone Wall x1 |
| 15:00 | MasterProber · wall_segment Stone Wall x2 |
| 15:02 | MasterProber · wall_segment Stone Wall x1 |
| 15:02 | TRex · wall_segment Stone Wall x10 |
| 15:04 | MasterProber · wall_segment Stone Wall x1 |
| 15:05 | TRex · wall_segment Stone Wall x2 |
| 15:06 | TRex · wall_segment Stone Wall x1 |
| 15:07 | MasterProber · wall_segment Stone Wall x1 |
| 15:08 | MasterProber · wall_segment Stone Wall x1 |
| 15:14 | MysticCloudZ · first_building Barracks |
| 15:16 | MasterProber · wall_segment Stone Wall x1 |
| 15:20 | babelfisch · wall_segment Stone Wall x1 |
| 15:21 | babelfisch · wall_segment Stone Wall x1 |
| 15:21 | babelfisch · wall_segment Stone Wall x1 |
| 15:22 | babelfisch · wall_segment Stone Wall x1 |
| 15:22 | babelfisch · wall_segment Stone Wall x1 |
| 15:27 | babelfisch · wall_segment Stone Wall x13 |
| 15:33 | MasterProber · age_up castle |
| 15:40 | lion_ · age_up castle |
| 15:54 | SpeeDiK · age_up castle |
| 15:56 | SpeeDiK · first_building Siege Workshop |
| 16:01 | SpeeDiK · first_building Monastery |
| 16:12 | bolimoli · first_market_buy 100 wood |
| 16:31 | bolimoli · age_up castle |
| 17:17 | Inebriation · wall_segment Stone Wall x11 |
| 17:22 | MasterProber · first_building Monastery |
| 18:00 | MasterProber · first_market_buy 100 food |
| 18:15 | MysticCloudZ · wall_segment Palisade Wall x1 |
| 18:16 | MysticCloudZ · wall_segment Palisade Wall x1 |
| 18:18 | MysticCloudZ · wall_segment Palisade Wall x1 |
| 18:27 | MysticCloudZ · wall_segment Palisade Wall x1 |
| 18:28 | Inebriation · wall_segment Palisade Wall x1 |
| 18:29 | Inebriation · wall_segment Palisade Wall x1 |
| 18:33 | Inebriation · wall_segment Palisade Wall x1 |
| 18:35 | Inebriation · wall_segment Palisade Wall x1 |
| 18:39 | MasterProber · wall_segment Stone Wall x1 |
| 18:45 | TRex · wall_segment Stone Wall x1 |
| 18:47 | TRex · wall_segment Stone Wall x1 |
| 18:49 | TRex · wall_segment Stone Wall x1 |
| 18:50 | TRex · wall_segment Stone Wall x2 |
| 18:51 | TRex · wall_segment Stone Wall x5 |
| 18:55 | lion_ · wall_segment Stone Wall x8 |
| 18:57 | MasterProber · first_building Siege Workshop |
| 19:38 | lion_ · wall_segment Stone Wall x11 |
| 20:01 | TRex · wall_segment Palisade Wall x1 |
| 20:03 | TRex · wall_segment Palisade Wall x1 |
| 20:10 | TRex · wall_segment Palisade Wall x1 |
| 20:19 | MasterProber · first_building Barracks |
| 20:31 | babelfisch · wall_segment Stone Wall x1 |
| 20:48 | MasterProber · wall_segment Stone Wall x7 |
| 21:38 | Inebriation · age_up castle |
| 21:46 | Inebriation · first_building Castle |
| 21:58 | MysticCloudZ · wall_segment Palisade Wall x4 |
| 22:01 | MysticCloudZ · wall_segment Palisade Wall x1 |
| 22:13 | TRex · wall_segment Palisade Wall x1 |
| 22:13 | TRex · wall_segment Palisade Wall x1 |
| 22:14 | TRex · wall_segment Palisade Wall x1 |
| 22:15 | TRex · wall_segment Palisade Wall x1 |
| 22:16 | TRex · wall_segment Palisade Wall x1 |
| 22:16 | TRex · wall_segment Palisade Wall x1 |
| 22:17 | lion_ · first_building Castle |
| 22:18 | bolimoli · first_building Siege Workshop |
| 22:18 | TRex · wall_segment Palisade Wall x1 |
| 22:20 | TRex · wall_segment Palisade Wall x1 |
| 22:23 | TRex · wall_segment Palisade Wall x1 |
| 22:29 | MysticCloudZ · wall_segment Palisade Wall x1 |
| 22:31 | MysticCloudZ · wall_segment Palisade Wall x1 |
| 22:56 | TRex · wall_segment Palisade Wall x3 |
| 22:57 | TRex · wall_segment Palisade Wall x1 |
| 22:58 | MasterProber · wall_segment Palisade Wall x1 |
| 22:58 | TRex · wall_segment Palisade Wall x3 |
| 22:59 | TRex · wall_segment Palisade Wall x2 |
| 23:03 | babelfisch · wall_segment Palisade Wall x1 |
| 23:08 | MysticCloudZ · wall_segment Palisade Wall x6 |
| 23:17 | MasterProber · wall_segment Stone Wall x8 |
| 23:24 | MysticCloudZ · wall_segment Palisade Wall x1 |
| 23:28 | MysticCloudZ · age_up feudal |
| 24:23 | lion_ · first_building Barracks |
| 24:34 | TRex · wall_segment Stone Wall x14 |
| 24:42 | bolimoli · first_building Archery Range |
| 24:47 | babelfisch · wall_segment Palisade Wall x1 |
| 24:50 | babelfisch · wall_segment Palisade Wall x1 |
| 24:53 | MysticCloudZ · wall_segment Palisade Wall x1 |
| 24:55 | Inebriation · first_building Stable |
| 24:58 | MysticCloudZ · wall_segment Palisade Wall x1 |
| 25:03 | MysticCloudZ · wall_segment Palisade Wall x1 |
| 25:05 | MysticCloudZ · wall_segment Palisade Wall x1 |
| 25:07 | MysticCloudZ · wall_segment Palisade Wall x1 |
| 25:24 | Inebriation · wall_segment Palisade Wall x6 |
| 25:28 | TRex · age_up castle |
| 25:31 | TRex · first_building Castle |
| 25:51 | MasterProber · first_building Castle |
| 26:10 | SpeeDiK · wall_segment Palisade Wall x1 |
| 26:41 | TRex · first_market_sell 500 stone |
| 26:46 | TRex · first_market_buy 100 food |
| 27:03 | bolimoli · wall_segment Stone Wall x17 |
| 27:09 | lion_ · age_up imperial |
| 27:26 | Inebriation · first_market_sell 100 wood |
| 27:33 | SpeeDiK · first_market_buy 100 food |
| 28:43 | MysticCloudZ · first_market_sell 100 wood |
| 28:55 | MasterProber · first_building Archery Range |
| 29:34 | MasterProber · wall_segment Stone Wall x16 |
| 29:41 | MasterProber · wall_segment Stone Wall x4 |
| 29:45 | MasterProber · age_up imperial |
| 30:11 | TRex · age_up imperial |
| 30:15 | babelfisch · wall_segment Palisade Wall x1 |
| 30:16 | babelfisch · wall_segment Palisade Wall x1 |
| 30:52 | Inebriation · age_up imperial |
| 30:54 | MasterProber · wall_segment Palisade Wall x1 |
| 31:00 | SpeeDiK · first_building Castle |
| 31:23 | bolimoli · age_up imperial |
| 31:24 | MysticCloudZ · age_up castle |
| 31:37 | TRex · first_building Barracks |
| 31:39 | Inebriation · first_building Archery Range |
| 32:19 | MasterProber · wall_segment Stone Wall x12 |
| 32:31 | bolimoli · first_building Castle |
| 33:42 | babelfisch · age_up castle |
| 34:27 | SpeeDiK · age_up imperial |
| 34:36 | TRex · first_building Stable |
| 34:41 | bolimoli · wall_segment Stone Wall x10 |
| 34:42 | TRex · first_building Archery Range |
| 34:43 | bolimoli · wall_segment Stone Wall x5 |
| 34:44 | bolimoli · wall_segment Stone Wall x1 |
| 34:45 | bolimoli · wall_segment Stone Wall x1 |
| 34:52 | SpeeDiK · tribute_sent a jugador 1 |
| 34:52 | SpeeDiK · tribute_sent a jugador 2 |
| 34:52 | SpeeDiK · tribute_sent a jugador 3 |
| 34:52 | SpeeDiK · tribute_sent a jugador 4 |
| 34:52 | SpeeDiK · tribute_sent a jugador 5 |
| 34:52 | SpeeDiK · tribute_sent a jugador 6 |
| 34:52 | SpeeDiK · tribute_sent a jugador 7 |
| 35:53 | MasterProber · wall_segment Stone Wall x16 |
| 36:28 | babelfisch · first_market_buy 100 wood |
| 36:55 | bolimoli · wall_segment Stone Wall x2 |
| 37:38 | MasterProber · wall_segment Stone Wall x1 |
| 37:49 | MysticCloudZ · first_building Monastery |
| 38:38 | MasterProber · wall_segment Stone Wall x6 |
| 38:39 | lion_ · tribute_sent a jugador 2 |
| 38:39 | lion_ · tribute_sent a jugador 3 |
| 38:39 | lion_ · tribute_sent a jugador 4 |
| 38:39 | lion_ · tribute_sent a jugador 5 |
| 38:39 | lion_ · tribute_sent a jugador 6 |
| 38:39 | lion_ · tribute_sent a jugador 7 |
| 38:39 | lion_ · tribute_sent a jugador 8 |
| 38:51 | bolimoli · wall_segment Stone Wall x1 |
| 39:02 | bolimoli · wall_segment Stone Wall x1 |
| 39:21 | lion_ · wall_segment Palisade Wall x1 |
| 39:23 | lion_ · wall_segment Palisade Wall x1 |
| 39:24 | lion_ · wall_segment Palisade Wall x1 |
| 39:27 | lion_ · wall_segment Palisade Wall x1 |
| 39:28 | lion_ · wall_segment Palisade Wall x1 |
| 39:40 | MasterProber · wall_segment Stone Wall x9 |
| 40:17 | Inebriation · first_building Siege Workshop |
| 40:24 | babelfisch · first_market_sell 100 food |
| 40:33 | bolimoli · wall_segment Stone Wall x6 |
| 40:38 | lion_ · tribute_sent a jugador 2 |
| 40:38 | lion_ · tribute_sent a jugador 3 |
| 40:38 | lion_ · tribute_sent a jugador 4 |
| 40:38 | lion_ · tribute_sent a jugador 5 |
| 40:38 | lion_ · tribute_sent a jugador 6 |
| 40:38 | lion_ · tribute_sent a jugador 7 |
| 40:38 | lion_ · tribute_sent a jugador 8 |
| 40:39 | bolimoli · wall_segment Stone Wall x3 |
| 41:48 | MasterProber · wall_segment Stone Wall x3 |
| 42:07 | MasterProber · wall_segment Stone Wall x4 |
| 42:32 | lion_ · tribute_sent a jugador 2 |
| 42:32 | lion_ · tribute_sent a jugador 3 |
| 42:32 | lion_ · tribute_sent a jugador 4 |
| 42:32 | lion_ · tribute_sent a jugador 5 |
| 42:32 | lion_ · tribute_sent a jugador 6 |
| 42:32 | lion_ · tribute_sent a jugador 7 |
| 42:32 | lion_ · tribute_sent a jugador 8 |
| 42:53 | MasterProber · wall_segment Stone Wall x3 |
| 43:09 | MasterProber · wall_segment Stone Wall x1 |
| 43:41 | TRex · resign |
[ AI ANALYSIS · 1 CREDIT ]
What really happened in this match?
Wolo.gg analyzes every decision: build order, eco, micro, common mistakes by bracket. Personalized analysis on WhatsApp or Discord in 30 seconds.
Civ guide
Bengalis
Perfil
Jugador #23885143